TOP OF THE 1ST |
Biloxi Shuckers batting - Pitching for San Antonio Missions : LHP Blaine Whitmore
|
Pitching: LHP Blaine Whitmore
|
|
Batting: RHB Vinny Estrada
|
0-0: Ball 1-0: Fly out, F6 (Popup, 6MD, EV 70.0 MPH)
|
Batting: RHB Gene Sutton
|
0-0: Foul Ball, location: 2F 0-1: Ball 1-1: Ball 2-1: Foul Ball, location: 2F 2-2: Foul Ball, location: 2F 2-2: Ground out 6-3 (Groundball, 6, EV 80.0 MPH)
|
Batting: RHB Steve Byerly
|
0-0: Called Strike 0-1: Called Strike 0-2: Fly out, F9 (Flyball, 9LS, EV 89.4 MPH)
|
Top of the 1st over - 0 runs, 0 hits, 0 errors, 0 left on base; Biloxi 0 - San Antonio 0 |
BOTTOM OF THE 1ST |
San Antonio Missions batting - Pitching for Biloxi Shuckers : RHP Josh Pelletier
|
Pitching: RHP Josh Pelletier
|
|
Batting: RHB Luwen Storm
|
0-0: Foul Ball, location: 2F 0-1: Foul Ball, location: 2F 0-2: SINGLE (Groundball, 25, EV 76.9 MPH) (infield hit)
|
Batting: LHB Ben Antal
|
0-0: Called Strike 0-1: Ball 1-1: Foul Ball, location: 2F 1-2: Grounds out, U3 (Groundball, 3L, EV 106.9 MPH)
|
Batting: RHB John Shaffer
|
0-0: Called Strike 0-1: Fly out, F3 (Popup, 3SF, EV 66.2 MPH)
|
Batting: SHB Devin Hottenstein
|
0-0: Called Strike 0-1: Foul Ball, location: 2F 0-2: Foul Ball, location: 2F 0-2: Ground out 5-3 (Groundball, 56, EV 105.0 MPH)
|
Bottom of the 1st over - 0 runs, 1 hit, 0 errors, 1 left on base; Biloxi 0 - San Antonio 0 |
TOP OF THE 2ND |
Biloxi Shuckers batting - Pitching for San Antonio Missions : LHP Blaine Whitmore
|
Batting: RHB Matthew Adams
|
0-0: Ball 1-0: Ball 2-0: Swinging Strike 2-1: Foul Ball, location: 2F 2-2: Ground out 1-3 (Groundball, 15S, EV 70.6 MPH)
|
Batting: RHB John Freeman
|
0-0: Ball 1-0: Foul Ball, location: 2F 1-1: Ball 2-1: Swinging Strike 2-2: Ground out 4-3 (Groundball, 4, EV 93.8 MPH)
|
Batting: SHB Mitchell Greene
|
0-0: Swinging Strike 0-1: Ball 1-1: Ground out 5-3 (Groundball, 56S, EV 85.6 MPH)
|
Top of the 2nd over - 0 runs, 0 hits, 0 errors, 0 left on base; Biloxi 0 - San Antonio 0 |
BOTTOM OF THE 2ND |
San Antonio Missions batting - Pitching for Biloxi Shuckers : RHP Josh Pelletier
|
Batting: LHB Javy Portela
|
0-0: Called Strike 0-1: SINGLE (Flyball, 89M, EV 85.0 MPH)
|
Batting: RHB Scott Schwartz
|
0-0: Called Strike 0-1: Ball 1-1: Foul Ball, location: 2F 1-2: Strikes out swinging
|
Batting: SHB Curtis Thompson
|
0-0: Ball 1-0: Foul Ball, location: 2F 1-1: Fly out, F9 (Flyball, 9LM, EV 91.9 MPH)
|
Batting: RHB Joe Weissman
|
0-0: Ball 1-0: Called Strike 1-1: Fielders Choice at 2nd, U4 (Groundball, 4M, EV 84.4 MPH)
|
Bottom of the 2nd over - 0 runs, 1 hit, 0 errors, 1 left on base; Biloxi 0 - San Antonio 0 |
TOP OF THE 3RD |
Biloxi Shuckers batting - Pitching for San Antonio Missions : LHP Blaine Whitmore
|
Batting: LHB Aaron Mobley
|
0-0: Swinging Strike 0-1: Ground out 4-3 (Groundball, 4, EV 96.2 MPH)
|
Batting: LHB Joe Vida
|
0-0: Called Strike 0-1: Called Strike 0-2: Ball 1-2: Strikes out looking
|
Batting: RHB Matt Saunders
|
0-0: Foul Ball, location: 2F 0-1: Ball 1-1: Ball 2-1: Called Strike 2-2: DOUBLE (Line Drive, 9LM, EV 105.6 MPH)
|
Batting: RHB Vinny Estrada
|
0-0: Foul Ball, location: 2F 0-1: Ball 1-1: Swinging Strike 1-2: Strikes out looking
|
Top of the 3rd over - 0 runs, 1 hit, 0 errors, 1 left on base; Biloxi 0 - San Antonio 0 |
BOTTOM OF THE 3RD |
San Antonio Missions batting - Pitching for Biloxi Shuckers : RHP Josh Pelletier
|
Batting: LHB Bobby Adams
|
0-0: Ball 1-0: DOUBLE (Line Drive, 7LS, EV 96.9 MPH)
|
Batting: RHB Luwen Storm
|
0-0: Ball 1-0: Foul Ball, location: 2F 1-1: Called Strike 1-2: Foul Ball, location: 2F 1-2: Fly out, F8 (Flyball, 89D, EV 82.5 MPH) Runner from 2nd tags up, SAFE at 3rd, no throw by CF
|
Batting: LHB Ben Antal
|
0-0: Ball 1-0: Ground out 1-3 (Groundball, 34S, EV 63.8 MPH)
|
Batting: RHB John Shaffer
|
0-0: Called Strike 0-1: Called Strike 0-2: Fly out, F9 (Flyball, 89M, EV 93.8 MPH)
|
Bottom of the 3rd over - 0 runs, 1 hit, 0 errors, 1 left on base; Biloxi 0 - San Antonio 0 |
TOP OF THE 4TH |
Biloxi Shuckers batting - Pitching for San Antonio Missions : LHP Blaine Whitmore
|
Batting: RHB Gene Sutton
|
0-0: Called Strike 0-1: Ball 1-1: Ball 2-1: Called Strike 2-2: Fly out, F2 (Popup, 2RF, EV 86.2 MPH)
|
Batting: RHB Steve Byerly
|
0-0: Fly out, F8 (Flyball, 8RD, EV 84.4 MPH)
|
Batting: RHB Matthew Adams
|
0-0: Swinging Strike 0-1: Foul Ball, location: 2F 0-2: Ball 1-2: Fly out, F8 (Line Drive, 8LM, EV 90.6 MPH)
|
Top of the 4th over - 0 runs, 0 hits, 0 errors, 0 left on base; Biloxi 0 - San Antonio 0 |
BOTTOM OF THE 4TH |
San Antonio Missions batting - Pitching for Biloxi Shuckers : RHP Josh Pelletier
|
Batting: SHB Devin Hottenstein
|
0-0: Called Strike 0-1: SINGLE (Groundball, 25, EV 80.6 MPH) (infield hit)
|
Batting: LHB Javy Portela
|
0-0: Fly out, F3 (Popup, 3SF, EV 70.0 MPH)
|
Batting: RHB Scott Schwartz
|
0-0: Ball 1-0: Called Strike 1-1: Ball 2-1: Ball 3-1: Swinging Strike 3-2: Foul Ball, location: 2F 3-2: Strikes out looking
|
Batting: SHB Curtis Thompson
|
0-0: Called Strike 0-1: Called Strike 0-2: Strikes out swinging
|
Bottom of the 4th over - 0 runs, 1 hit, 0 errors, 1 left on base; Biloxi 0 - San Antonio 0 |
TOP OF THE 5TH |
Biloxi Shuckers batting - Pitching for San Antonio Missions : LHP Blaine Whitmore
|
Batting: RHB John Freeman
|
0-0: Called Strike 0-1: Ball 1-1: Called Strike 1-2: Ball 2-2: Ball 3-2: Base on Balls
|
Batting: SHB Mitchell Greene
|
0-0: Called Strike 0-1: Ball 1-1: Foul Ball, location: 2F 1-2: Strikes out looking
|
Batting: LHB Aaron Mobley
|
0-0: Foul Ball, location: 2F 0-1: Ball 1-1: Ball 2-1: Fielders Choice at 2nd, 4-6 (Groundball, 34, EV 103.8 MPH)
|
Batting: LHB Joe Vida
|
0-0: Ball 1-0: Ball 2-0: Foul Ball, location: 2F 2-1: Fly out, F2 (Popup, 2L, EV 91.2 MPH)
|
Top of the 5th over - 0 runs, 0 hits, 0 errors, 1 left on base; Biloxi 0 - San Antonio 0 |
BOTTOM OF THE 5TH |
San Antonio Missions batting - Pitching for Biloxi Shuckers : RHP Josh Pelletier
|
Batting: RHB Joe Weissman
|
0-0: Ball 1-0: Ball 2-0: Ball 3-0: Base on Balls
|
Batting: LHB Bobby Adams
|
0-0: Foul Ball, location: 2F 0-1: Ball 1-1: Called Strike 1-2: Ball 2-2: Ball 3-2: Base on Balls Joe Weissman to second
|
Batting: RHB Luwen Storm
|
0-0: Ball 1-0: Ball 2-0: Swinging Strike 2-1: Called Strike 2-2: SINGLE (Groundball, P, EV 87.5 MPH) (infield hit) Joe Weissman to third Bobby Adams to second
|
Batting: LHB Ben Antal
|
0-0: Called Strike 0-1: Called Strike 0-2: SINGLE (Groundball, 6MD, EV 96.2 MPH) Joe Weissman scores Bobby Adams to third Luwen Storm to second
|
Batting: RHB John Shaffer
|
0-0: Foul Ball, location: 2F 0-1: Foul Ball, location: 2F 0-2: Ball 1-2: Foul Ball, location: 2F 1-2: Ball 2-2: Foul Ball, location: 2F 2-2: Ball 3-2: Foul Ball, location: 2F 3-2: Fly out, F9 (Flyball, 89D, EV 83.8 MPH) Runner from 3rd tags up, SCORES, throw by RF Luwen Storm to third
|
Batting: SHB Devin Hottenstein
|
0-0: Swinging Strike 0-1: Foul Ball, location: 2F 0-2: Foul Ball, location: 2F 0-2: Ball 1-2: Strikes out looking
|
Batting: LHB Javy Portela
|
0-0: Ball 1-0: Ball 2-0: Foul Ball, location: 2F 2-1: Fly out, F3 (Popup, 34, EV 56.9 MPH)
|
Bottom of the 5th over - 2 runs, 2 hits, 0 errors, 2 left on base; Biloxi 0 - San Antonio 2 |
TOP OF THE 6TH |
Biloxi Shuckers batting - Pitching for San Antonio Missions : LHP Blaine Whitmore
|
Batting: RHB Matt Saunders
|
0-0: Ball 1-0: Called Strike 1-1: Called Strike 1-2: Ball 2-2: Foul Ball, location: 2F 2-2: Ball 3-2: Strikes out looking
|
Batting: RHB Vinny Estrada
|
0-0: Ball 1-0: SINGLE (Groundball, 4S, EV 67.5 MPH) (infield hit)
|
Batting: RHB Gene Sutton
|
0-0: Called Strike 0-1: Called Strike 0-2: Grounds into double play, 4-6-3 (Groundball, 4, EV 110.6 MPH)
|
Top of the 6th over - 0 runs, 1 hit, 0 errors, 0 left on base; Biloxi 0 - San Antonio 2 |
BOTTOM OF THE 6TH |
San Antonio Missions batting - Pitching for Biloxi Shuckers : RHP Josh Pelletier
|
Batting: RHB Scott Schwartz
|
0-0: Ball 1-0: Ground out 6-3 (Groundball, 6, EV 86.9 MPH)
|
Batting: SHB Curtis Thompson
|
0-0: Ball 1-0: Foul Ball, location: 2F 1-1: Swinging Strike 1-2: Ball 2-2: Fly out, F9 (Flyball, 89M, EV 77.5 MPH)
|
Batting: RHB Joe Weissman
|
0-0: Called Strike 0-1: Called Strike 0-2: Ball 1-2: Ground out 6-3 (Groundball, 6, EV 109.4 MPH)
|
Bottom of the 6th over - 0 runs, 0 hits, 0 errors, 0 left on base; Biloxi 0 - San Antonio 2 |
TOP OF THE 7TH |
Biloxi Shuckers batting - Pitching for San Antonio Missions : LHP Blaine Whitmore
|
Batting: RHB Steve Byerly
|
0-0: Ball 1-0: Called Strike 1-1: Swinging Strike 1-2: Ball 2-2: Ball 3-2: Base on Balls
|
Pitching: RHP Eric Dighton
|
|
Batting: RHB Matthew Adams
|
0-0: Ball 1-0: Called Strike 1-1: Ball 2-1: DOUBLE (Flyball, 8RXD, EV 105.0 MPH) Steve Byerly to third
|
Pinch Hitting: LHB Andy Sanchez
|
0-0: Ball 1-0: Swinging Strike 1-1: Called Strike 1-2: Ball 2-2: Fly out, F7 (Flyball, 7D, EV 80.0 MPH) Runner from 3rd tags up, OUT at HOME! 7-2 Matthew Adams to third
|
Batting: SHB Mitchell Greene
|
0-0: Ground out U3 (Groundball, 3, EV 83.8 MPH)
|
Top of the 7th over - 0 runs, 1 hit, 0 errors, 1 left on base; Biloxi 0 - San Antonio 2 |
BOTTOM OF THE 7TH |
San Antonio Missions batting - Pitching for Biloxi Shuckers : RHP Josh Pelletier
|
Pitching: RHP Austin Trzcinski
|
|
Now in CF: Nick Spiller
|
|
Batting: LHB Bobby Adams
|
0-0: SINGLE (Line Drive, 89S, EV 91.2 MPH)
|
Batting: RHB Luwen Storm
|
0-0: Bunted foul 0-1: Ball 1-1: Bunt missed! 1-2: Ball 2-2: Strikes out swinging
|
Batting: LHB Ben Antal
|
0-0: Called Strike 0-1: Ball 1-1: Ball 2-1: Ball 3-1: Called Strike 3-2: Foul Ball, location: 2F 3-2: Base on Balls Bobby Adams to second
|
Batting: RHB John Shaffer
|
0-0: Ball 1-0: Ball 2-0: Foul Ball, location: 2F 2-1: Called Strike 2-2: Strikes out swinging
|
Batting: SHB Devin Hottenstein
|
0-0: Ball 1-0: Swinging Strike 1-1: Ball 2-1: Ball 3-1: Base on Balls Bobby Adams to third Ben Antal to second
|
Batting: LHB Javy Portela
|
0-0: Foul Ball, location: 2F 0-1: Ball 1-1: Foul Ball, location: 2F 1-2: Strikes out swinging
|
Bottom of the 7th over - 0 runs, 1 hit, 0 errors, 3 left on base; Biloxi 0 - San Antonio 2 |
TOP OF THE 8TH |
Biloxi Shuckers batting - Pitching for San Antonio Missions : RHP Eric Dighton
|
Now at 1B: Bobby Adams
|
|
Now at SS: Josh Slusarczyk
|
|
Batting: LHB Aaron Mobley
|
0-0: Called Strike 0-1: Foul Ball, location: 2F 0-2: Ground out 3-1 (Groundball, 34, EV 107.5 MPH)
|
Batting: LHB Joe Vida
|
0-0: Ball 1-0: Called Strike 1-1: SINGLE (Line Drive, 56D, EV 99.4 MPH)
|
Batting: RHB Matt Saunders
|
0-0: Ground out 3-1 (Groundball, 34S, EV 83.1 MPH) Joe Vida to second
|
Batting: RHB Vinny Estrada
|
0-0: Called Strike 0-1: Foul Ball, location: 2F 0-2: Strikes out swinging
|
Top of the 8th over - 0 runs, 1 hit, 0 errors, 1 left on base; Biloxi 0 - San Antonio 2 |
BOTTOM OF THE 8TH |
San Antonio Missions batting - Pitching for Biloxi Shuckers : RHP Austin Trzcinski
|
Pitching: LHP Matt Hirschi
|
|
Batting: RHB Scott Schwartz
|
0-0: Swinging Strike 0-1: Ball 1-1: Ball 2-1: Ball 3-1: Base on Balls
|
Batting: SHB Curtis Thompson
|
0-0: SINGLE (Groundball, 56, EV 89.4 MPH) (infield hit) Scott Schwartz to second
|
Batting: RHB Joe Weissman
|
0-0: Ball 1-0: Bunt missed! 1-1: Sac Bunt to 23 - play at first, batter OUT! 3-4 Scott Schwartz to third Curtis Thompson to second
|
Batting: LHB Bobby Adams
|
0-0: Ball 1-0: Fly out, F8 (Flyball, 8RS, EV 78.1 MPH)
|
Batting: RHB Luwen Storm
|
0-0: Ball 1-0: Ball 2-0: Called Strike 2-1: SINGLE (Groundball, 56, EV 95.0 MPH) Scott Schwartz scores Curtis Thompson to third Throwing error, E7 Curtis Thompson scores Luwen Storm to second
|
Batting: LHB Ben Antal
|
0-0: Ball 1-0: Ground out 4-3 (Groundball, 34, EV 108.8 MPH)
|
Bottom of the 8th over - 2 runs, 2 hits, 1 error, 1 left on base; Biloxi 0 - San Antonio 4 |
TOP OF THE 9TH |
Biloxi Shuckers batting - Pitching for San Antonio Missions : RHP Eric Dighton
|
Pitching: RHP Jim McCarty
|
|
Batting: RHB Gene Sutton
|
0-0: Called Strike 0-1: Ball 1-1: Ball 2-1: Foul Ball, location: 2F 2-2: Strikes out swinging
|
Batting: RHB Steve Byerly
|
0-0: Ground out 1-3 (Groundball, 13S, EV 73.1 MPH)
|
Batting: RHB Matthew Adams
|
0-0: Ball 1-0: Swinging Strike 1-1: Swinging Strike 1-2: Ground out 5-3 (Groundball, 5, EV 98.1 MPH)
|
Top of the 9th over - 0 runs, 0 hits, 0 errors, 0 left on base; Biloxi 0 - San Antonio 4 |
|